 Dungeon Crawl Stone Soup version 0.25-a0-413-g3b4b6a4ccc (webtiles) character file.

Game seed: 11096733199955195512, levelgen mode: deterministic

2852 Napalmbreeze the Blocker (level 10, -2/79 HPs)
             Began as a Formicid Fighter on Jan 14, 2020.
             Was a Follower of Nemelex Xobeh.
             Slain by an orc warrior
             ... wielding a +0 dire flail
              (17 damage)
             ... on level 7 of the Dungeon.
             The game lasted 00:17:13 (7656 turns).

Napalmbreeze the Blocker (Formicid Fighter)         Turns: 7656, Time: 00:17:13

Health: -2/79      AC:  8    Str: 23    XL:     10   Next: 4%
Magic:  10/10      EV:  9    Int:  9    God:    Nemelex Xobeh [*.....]
Gold:   175        SH: 11    Dex: 10    Spells: 9/9 levels left

rFire    + . .     SeeInvis +   z - +0 great sword
rCold    + . .     Gourm    .   c - +0 shield
rNeg     . . .     Faith    .   b - +0 scale mail
rPois    .         Spirit   .   (helmet unavailable)
rElec    .         Reflect  .   x - scarf {rC+ rF+}
rCorr    +         Harm     .   (no gloves)
MR       +....                  n - +0 pair of boots
Stlth    ..........             (no amulet)
HPRegen  0.23/turn              t - ring of resist corrosion
MPRegen  0.12/turn              E - ring of wizardry

@: no status effects
A: permanent stasis, dig shafts and tunnels, four strong arms, antennae 3
a: Dig, Shaft Self, Draw Escape, Draw Destruction, Draw Summoning, Renounce
Religion


You were on level 7 of the Dungeon.
You worshipped Nemelex Xobeh.
Nemelex Xobeh was aware of your devotion.
You were hungry.

You visited 2 branches of the dungeon, and saw 9 of its levels.
You also visited: Ossuary.

You collected 351 gold pieces.
You spent 176 gold pieces at shops.

Inventory:

Hand Weapons
 l - a +1 dagger of holy wrath
 y - a +2 dagger of venom
 z - a +0 great sword (weapon)
Armour
 b - a +0 scale mail (worn)
 c - a +0 shield (worn)
 n - a +0 pair of boots (worn)
 x - a scarf of resistance (worn)
Jewellery
 t - a ring of resist corrosion (left hand)
 E - a ring of wizardry (right hand)
Wands
 s - a wand of paralysis (11)
 A - a wand of digging (4)
 B - a wand of random effects (33)
 D - a wand of enslavement (10)
Scrolls
 a - a scroll of enchant weapon {unknown}
 e - 3 scrolls of identify
 g - 2 scrolls of blinking
 i - 3 scrolls of amnesia {unknown}
 m - a scroll of teleportation
 o - a scroll of torment {unknown}
 q - 5 scrolls of fear
 v - 3 scrolls of remove curse {unknown}
 w - a scroll of fog {unknown}
Potions
 d - 3 potions of haste {unknown}
 h - a potion of flight {unknown}
 j - a potion of brilliance {unknown}
 k - 3 potions of agility
 p - 3 potions of lignification {unknown}
 r - 3 potions of curing
 u - a potion of mutation {unknown}
 C - a potion of magic {unknown}
Comestibles
 f - 4 rations


   Skills:
 + Level 7.5 Fighting
 + Level 8.4 Long Blades
 - Level 6.0 Armour
 - Level 9.0 Shields


You had 9 spell levels left.
You didn't know any spells.
Your spell library was empty.

Dungeon Overview and Level Annotations

Branches:
Dungeon (8/15)             Temple (1/1) D:5         Ossuary (visited)
   Lair: D:8-11

Altars:
Ashenzari
Cheibriados
Dithmenos
Elyvilon
Fedhas
Gozag
Hepliaklqana
Kikubaaqudgha
Makhleb
Nemelex Xobeh
Okawaru
Qazlal
Ru
Sif Muna
Trog
Uskayaw
Vehumet
Wu Jian
Xom
Yredelemnul
Zin
The Shining One

Shops:
D:4 !([   D:7 (

Annotations:
D:3 2 transporters
D:4 2 transporters


Innate Abilities, Weirdness & Mutations

You cannot be hasted, slowed, berserked, paralysed or teleported.
You can dig through walls and to a lower floor.
Your four strong arms can wield two-handed weapons with a shield.
You have a pair of large antennae on your head. (SInv)


Message History

You block the orc warrior's attack.
The orc warrior hits you with a +0 dire flail!
You are too injured to fight recklessly!
You are too injured to fight recklessly!
Unknown command.
The orc warrior hits you with a +0 dire flail!!
* * * LOW HITPOINT WARNING * * *
Unknown command.
Press: ? - help, v - describe, . - travel
Here: an orc warrior, wielding a +0 dire flail, wearing a +0 chain mail and wearing an uncursed amulet of rage (lightly wounded, berserk, fast, unusually strong)
The floor, spattered with blood.
Unknown command.
Unknown command.
Are you sure you want to shaft yourself?
You are feeling hungry.
You block the orc warrior's attack.
You begin to dig a shaft.
You continue digging a shaft.
The orc warrior hits you with a +0 dire flail!
You die...
Your body disappears without a glow.

###.##.####................
####......###########.........
#.......#...........'.....(...
#.......#.#.#########.........
#.......#.#.### #.........
#..........)..# #.........
#.......#)###.# #.........
#.........# #.# #...(#####
#.....((### #@# #########
#....>(.# #o# #....# #.......#
#)####....##### #.......#
##K#.o'......... #.......#
#..)..#......... #.......#
#......).)...... #.......#
#....K..o....... #########
#..........##...
#............>. .


You could see an orc warrior (berserk) and a kobold.

Vanquished Creatures
  A hungry ghost (D:7)
  A sky beast (D:7)
  2 ice beasts
  An orc warrior (D:7)
  A black bear (D:6)
  5 ogres
  A centaur (D:6)
  A big kobold (D:7)
  4 elf zombies (Ossuary)
  3 scorpions
  3 wights (D:6)
  4 howler monkeys
  2 crimson imps
  A bullfrog zombie (D:6)
  3 hounds
  5 centaur zombies (Ossuary)
  3 human zombies (Ossuary)
  A quasit (D:6)
  A centaur skeleton (D:4)
  An orc priest (D:5)
  4 orc wizards
  Jessica (D:6)
  3 worker ants
  4 mummies
  A howler monkey zombie (D:5)
  3 gnolls (D:7)
  4 adders
  2 oozes
  An adder skeleton (D:4)
  A worm (D:3)
  A dart slug (D:1)
  10 leopard geckos
  15 orcs
  6 bats
  5 giant cockroaches
  9 goblins
  5 hobgoblins
  6 jackals
  9 kobolds
  2 quokkas
  2 frilled lizards
  12 rats
150 creatures vanquished.

Vanquished Creatures (others)
  An orc priest (D:7)
  An adder skeleton (D:7)
  An orc (D:7)
3 creatures vanquished.

Grand Total: 153 creatures vanquished

Notes
Turn   | Place    | Note
-------+----------+-------------------------------------------
     0 | D:1      | Napalmbreeze the Formicid Fighter began the quest for the
                  | Orb.
     0 | D:1      | Reached XP level 1. HP: 18/18 MP: 1/1
   194 | D:1      | Reached XP level 2. HP: 23/24 MP: 2/2
   337 | D:1      | Reached skill level 4 in Shields
   337 | D:1      | Reached XP level 3. HP: 27/29 MP: 3/3
  1112 | D:2      | Reached XP level 4. HP: 36/37 MP: 4/4
  1422 | D:3      | Found a transporter.
  1439 | D:3      | Found a transporter.
  1535 | D:3      | Found a shattered altar of Ashenzari.
  2055 | D:4      | Reached XP level 5. HP: 31/42 MP: 5/5
  2060 | D:4      | Found a sand-covered staircase.
  2223 | Ossuary  | Entered an ossuary
  2361 | Ossuary  | Reached XP level 6. HP: 21/49 MP: 6/6
  2554 | Ossuary  | Reached skill level 5 in Shields
  2676 | Ossuary  | Reached XP level 7. HP: 31/55 MP: 7/7
  2708 | Ossuary  | Reached skill level 5 in Fighting
  2708 | Ossuary  | Reached skill level 5 in Armour
  3056 | Ossuary  | Reached skill level 6 in Shields
  3350 | D:4      | Reached XP level 8. HP: 63/63 MP: 8/8
  3571 | D:4      | Found a shimmering altar of Xom.
  3571 | D:4      | Found a transporter.
  3574 | D:4      | Noticed a gargoyle
  3610 | D:4      | Found Yjotz's Antique Armour Emporium.
  3613 | D:4      | Bought an embroidered scarf for 176 gold pieces
  3643 | D:4      | Found a transporter.
  3773 | D:4      | Found Jaotys's Antique Weapon Boutique.
  3809 | D:4      | Found Suutt's Distillery.
  4329 | D:5      | Entered Level 5 of the Dungeon
  4368 | D:5      | Reached skill level 5 in Long Blades
  5035 | D:5      | Reached skill level 7 in Shields
  5119 | D:5      | Found a staircase to the Ecumenical Temple.
  5130 | Temple   | Entered the Ecumenical Temple
  5391 | Temple   | Became a worshipper of Nemelex Xobeh the Trickster
  5502 | D:5      | Received a gift from Nemelex Xobeh
  5685 | D:6      | Reached XP level 9. HP: 71/71 MP: 9/9
  5779 | D:6      | You fall into a shaft and drop 2 floors!
  6229 | D:6      | Reached skill level 8 in Shields
  6705 | D:6      | Reached skill level 9 in Shields
  6786 | D:6      | Found a sparkling altar of Nemelex Xobeh.
  6786 | D:6      | Noticed Jessica
  6792 | D:6      | Killed Jessica
  6981 | D:6      | Reached * piety under Nemelex Xobeh
  7326 | D:7      | Found Dyex's Antique Weapon Shop.
  7625 | D:7      | Reached XP level 10. HP: 79/79 MP: 10/10
  7630 | D:7      | Received a gift from Nemelex Xobeh
  7656 | D:7      | Slain by an orc warrior

Levels and vault maps discovered:
D:1:      lightli_arrival_farm, layout_basic
D:2:      layout_basic, first_ration
D:3:      gammafunk_wand_slinger, layout_basic, cheibrodos_ashenzari_chains
D:4:      layout_loops_ring, gammafunk_temple_overflow_arena, serial_shops,
          kennysheep_mini_moat, shop, shop_fountains, gup_ossuary_entry_pyramid,
          minmay_misc_feat_alley
D:5:      layout_rooms, minmay_temple_entry_slanted
D:6:      layout_loops_ring, nicolae_benzene_ring, nemelex_lonely_heart_becter
D:7:      layout_basic, serial_shops, nicolae_shop_trees, lemuel_old_faithful
D:8:      layout_loops_ring, basic_altar, uniq_harold
Temple:   nicolae_temple_the_god_donut

Skill      XL: |  1  2  3  4  5  6  7  8  9 |
---------------+----------------------------+-----
Shields        | 4 5 6 7 9 |  9.0
Fighting       | 4 5 6 7 |  7.5
Armour         | 4 5 6 |  6.0
Long Blades    | 3 4 5 8 |  8.4

Action                   |  1- 3 |  4- 6 |  7- 9 | 10-12 || total
-------------------------+-------+-------+-------+-------++-------
Melee: Long sword        |   128 |   167 |   241 |       ||   536
       Great sword       |       |       |    41 |    13 ||    54
       Dagger            |       |       |   207 |       ||   207
 Abil: Shaft Self        |       |       |     1 |     1 ||     2
       Dig               |       |       |     1 |       ||     1
       Draw Destruction  |       |       |     1 |       ||     1
  Use: Scroll            |       |     6 |       |       ||     6
       Potion            |       |       |     2 |       ||     2
  Eat: Chunk             |     1 |     4 |     9 |       ||    14
       Ration            |       |     1 |     4 |       ||     5
Armor: Scale mail        |    49 |    43 |   134 |     1 ||   227
Dodge: Dodged            |    38 |    42 |   134 |     2 ||   216
Block: Shield            |    67 |    83 |   212 |     9 ||   371
       Rpst.: Long sword |    11 |    13 |    29 |       ||    53
       Great sword       |       |       |     7 |       ||     7

Table legend:
 A = Non-vault XP
 B = Vault XP
 C = Vault XP percentage of total XP
 D = Non-vault monster count
 E = Vault monster count
 F = Vault count percentage of total count
                 A         B        C        D         E       F
            +---------+---------+-------+---------+---------+-------
      Total |    3221 |     854 |  21.0 |     133 |      17 |  11.3
            +---------+---------+-------+---------+---------+-------
        D:1 |      40 |       0 |   0.0 |      20 |       0 |   0.0
        D:2 |      39 |       0 |   0.0 |      22 |       0 |   0.0
        D:3 |      51 |       0 |   0.0 |      13 |       0 |   0.0
        D:4 |     484 |      18 |   3.6 |      23 |       1 |   4.2
        D:5 |     533 |       0 |   0.0 |      11 |       0 |   0.0
        D:6 |    1207 |      37 |   3.0 |      21 |       1 |   4.5
        D:7 |     819 |       0 |   0.0 |      22 |       0 |   0.0
        D:8 |      48 |       0 |   0.0 |       1 |       0 |   0.0
    Ossuary |       0 |     799 | 100.0 |       0 |      15 | 100.0
            +---------+---------+-------+---------+---------+-------
